 Dungeon Crawl Stone Soup version 0.26.1-15-g04117e645d (webtiles) character file.

Game seed: 6670426742509245501

278 sneakypete the Shooter (level 6, -4/51 HPs)
             Began as a Minotaur Hunter on Jan 6, 2023.
             Was a Follower of Yredelemnul.
             Killed from afar by Blork the orc (5 damage)
             ... with a magic dart
             ... on level 4 of the Dungeon.
             The game lasted 00:50:09 (3831 turns).

sneakypete the Shooter (Minotaur Hunter)            Turns: 3831, Time: 00:50:14

Health: -4/51      AC:  9    Str: 17    XL:     6   Next: 5%
Magic:  14/14      EV: 10    Int:  8    God:    Yredelemnul [*.....]
Gold:   156        SH:  0    Dex: 12    Spells: 5/5 levels left

rFire    + . .     SeeInvis .   b - +0 short sword
rCold    . . .     Faith    .   (no shield)
rNeg     . . .     Spirit   .   X - +0 scale mail
rPois    .         Reflect  .   s - +2 hat
rElec    .         Harm     .   (no cloak)
rCorr    .         Rampage  .   (no gloves)
Will     .....                  r - +0 pair of boots
Stlth    ..........             (no amulet)
HPRegen  0.17/turn              e - ring of protection from fire
MPRegen  0.14/turn              I - ring of magical power

@: no status effects
A: retaliatory headbutt, horns 2
a: Renounce Religion, Animate Remains


You were on level 4 of the Dungeon.
You worshipped Yredelemnul.
Yredelemnul was aware of your devotion.
You visited 1 branch of the dungeon, and saw 4 of its levels.

You collected 156 gold pieces.

Inventory:

Hand Weapons
 a - a +1 shortbow
 b - a +0 short sword (weapon)
 c - a +0 hand axe
 g - a +0 club
 h - a +0 short sword
 m - a +0 short sword
 q - a +0 whip
 t - a +0 dagger
 v - a +0 whip
 y - a +0 short sword
 E - a +0 trident
 F - a +0 long sword
 J - a +0 hunting sling
 M - a +0 hand axe
 N - a +0 mace
 O - a +0 hand axe of freezing
 U - a +0 flail
 V - a +0 short sword
 W - a +0 mace
 Z - a +0 short sword
Missiles
 d - 37 arrows
 p - 97 stones (quivered)
 x - 10 poisoned darts
 L - 5 large rocks
 R - 20 sling bullets
Armour
 f - a +0 ring mail
 i - a +0 leather armour
 r - a +0 pair of boots (worn)
 s - a +2 hat (worn)
 A - a +0 leather armour
 B - a +0 scale mail
 Q - a +0 ring mail
 X - a +0 scale mail (worn)
Jewellery
 e - a ring of protection from fire (left hand)
 I - a ring of magical power (right hand)
 T - a cursed ring of attention {unknown}
 Y - an uncursed ring of willpower
Wands
 G - a wand of digging (3)
Scrolls
 j - a scroll of noise {unknown}
 k - a scroll of remove curse {unknown}
 n - a scroll of identify {unknown}
 w - a scroll of teleportation {unknown}
 S - a scroll of enchant weapon {unknown}
Potions
 l - 2 potions of flight {unknown}
 o - 2 potions of brilliance {unknown}
 u - a potion of attraction {unknown}
 z - 3 potions of lignification
 K - a potion of haste {unknown}


   Skills:
 + Level 3.5 Fighting
 + Level 2.5 Short Blades
 + Level 0.1(1.6) Long Blades
 + Level 6.0 Bows
 + Level 3.0 Armour
 + Level 2.6 Dodging
 + Level 1.2 Stealth


You had 5 spell levels left.
You didn't know any spells.
Your spell library was empty.

Dungeon Overview and Level Annotations

Branches:
Dungeon (4/15)
 Temple: D:4-7

Altars:
Cheibriados
Dithmenos
Gozag
Sif Muna
Yredelemnul

Annotations:
D:4 Blork the orc


Innate Abilities, Weirdness & Mutations

You reflexively headbutt those who attack you in melee.
You have a pair of horns on your head.


Message History

You destroy the bullfrog skeleton!
Yredelemnul accepts your kill.
Your Bows skill increases to level 6!
You have reached level 6!
Your experience leads to an increase in your attributes!
Increase (S)trength, (I)ntelligence, or (D)exterity?
You feel stronger.
You barely miss Blork the orc. You headbutt Blork the orc!
Blork the orc is severely wounded.
Blork the orc casts a spell at you.
The magic dart hits you but does no damage.
You hit Blork the orc.
Blork the orc is almost dead.
Blork the orc hits you but does no damage.
You are electrocuted!
* * * LOW HITPOINT WARNING * * *
Blork the orc points at you and mumbles some strange words.
The magic dart hits you.
You die...
Your body rises from the dead as a mindless zombie.

.............#
.............
............#
#.......:...#
#...........#
#..........#
#.........#
#.)..@o.#
##...†..#
###...#...
##)(. ....
#...# ...
...## .. .(##
. ...


You could see Blork the orc (fast).

Vanquished Creatures
  An orc priest (D:3)
  A bullfrog skeleton (D:4)
  A worker ant (D:4)
  11 adders
  2 oozes
  A worm (D:3)
  3 dart slugs
  4 leopard geckos
  7 orcs (D:3)
  2 giant cockroaches
  8 hobgoblins
  10 jackals
  A ball python (D:1)
  8 bats
  3 frilled lizards
  8 goblins
  4 kobolds
  4 rats
79 creatures vanquished.

Notes
Turn   | Place    | Note
-------+----------+-------------------------------------------
     0 | D:1      | sneakypete the Minotaur Hunter began the quest for the Orb.
     0 | D:1      | Reached XP level 1. HP: 18/18 MP: 0/0
   495 | D:1      | Reached XP level 2. HP: 25/25 MP: 1/1
   649 | D:1      | Reached skill level 1 in Armour
   863 | D:1      | Reached skill level 5 in Bows
  1172 | D:2      | Reached XP level 3. HP: 28/30 MP: 2/2
  1495 | D:2      | Reached skill level 1 in Short Blades
  1680 | D:2      | Reached XP level 4. HP: 16/37 MP: 3/3
  2472 | D:2      | Found a snail-covered altar of Cheibriados.
  2607 | D:3      | Found a shimmering blue altar of Sif Muna.
  2642 | D:3      | Became a worshipper of Sif Muna the Loreminder
  2772 | D:3      | Reached skill level 1 in Stealth
  2772 | D:3      | Reached XP level 5. HP: 30/45 MP: 4/4
  3130 | D:3      | Found a shadowy altar of Dithmenos.
  3310 | D:3      | Found an opulent altar of Gozag.
  3407 | D:3      | Found a faded altar of an unknown god.
  3463 | D:3      | Fell from the grace of Sif Muna
  3463 | D:3      | Became a worshipper of Yredelemnul the Dark
  3463 | D:3      | Reached * piety under Yredelemnul
  3813 | D:4      | Noticed Blork the orc
  3830 | D:4      | Reached skill level 6 in Bows
  3830 | D:4      | Reached XP level 6. HP: 12/51 MP: 5/5
  3831 | D:4      | HP: 1/51 [Blork the orc/+0 scimitar of electrocution (11)]
  3831 | D:4      | Killed from afar by Blork the orc

Illustrated notes

Levels and vault maps discovered:
D:1:      lightli_arrival_isolated_outpost, layout_basic
D:2:      kennysheep_six_static_rooms, layout_loops_corners, lemuel_round_altar,
          kennysheep_generic_room_2
D:3:      layout_basic, nicolae_dithmenos_shadow_blocks, general_overflow_altar,
          lemuel_round_altar, chequers_ecumenical_altar_simple
D:4:      layout_cave_pods, uniq_blork_the_orc, uniq_pikel

Skill      XL: |  1  2  3  4  5 |
---------------+----------------+-----
Armour         | 1 2 3 |  3.0
Bows           | 5 6 |  6.0
Short Blades   | 1 2 |  2.5
Fighting       | 3 |  3.5
Stealth        | 1 |  1.2
Long Blades    | |  0.1
Dodging        | |  2.6

Action                   |  1- 3 |  4- 6 || total
-------------------------+-------+-------++-------
Melee: Short sword       |    82 |    96 ||   178
       Headbutt          |     7 |    22 ||    29
       Long sword        |       |     7 ||     7
 Fire: Shortbow          |    23 |    30 ||    53
  Use: Potion            |       |     3 ||     3
Armor: Leather armour    |     1 |    11 ||    12
       Ring mail         |    25 |       ||    25
       Skin              |       |     9 ||     9
       Scale mail        |       |    22 ||    22
Dodge: Dodged            |    47 |    58 ||   105
